 Dungeon Crawl Stone Soup version 0.29.0-4-gdea44cf6ec (webtiles) character file.

Game seed: 4112361374863287836

46799 qw the Severer (level 14, 0/198 HPs)
             Began as a Minotaur Berserker on Sept 8, 2022.
             Was an Elder of Trog.
             Slain by an elephant (6 damage)
             ... on level 5 of the Lair of Beasts.
             The game lasted 00:06:09 (17595 turns).

qw the Severer (Minotaur Berserker)                Turns: 17595, Time: 00:06:10

Health: 0/198      AC: 16    Str: 25    XL:     14   Next: 6%
Magic:  13/13      EV: 13    Int:  4    God:    Trog [****..]
Gold:   994        SH: 14    Dex: 12    Spells: 13/13 levels left

rFire   + + +      SeeInvis +   l - +2 war axe (drain)
rCold   + + .      Faith    .   a - +2 shield of Resistance {rF++ rC++ Will++}
rNeg    . . .      Spirit   .   u - +5 plate armour {rF+}
rPois   .          Reflect  .   (helmet restricted)
rElec   .          Harm     .   (no cloak)
rCorr   .          Rampage  .   (no gloves)
Will    +++..                   (no boots)
Stlth   ..........              (no amulet)
HPRegen 1.23/turn               s - +4 ring of evasion
MPRegen 0.13/turn               b - ring of see invisible

@: berserking (expiring), corroded, very quick
A: horns 2, retaliatory headbutt, hooves 1, regeneration 1
a: Renounce Religion, Berserk, Trog's Hand, Brothers in Arms


You were on level 5 of the Lair of Beasts.
You worshipped Trog.
Trog was greatly pleased with you.
You visited 2 branches of the dungeon, and saw 14 of its levels.

You collected 1027 gold pieces.
You spent 33 gold pieces at shops.


Innate Abilities, Weirdness & Mutations

You have a pair of horns on your head.
You reflexively headbutt those who attack you in melee.
You have large cloven feet.
Your natural rate of healing is unusually fast.


   Skills:
 + Level 14.3 Fighting
 - Level 16.1 Axes
 - Level 7.3 Throwing
 - Level 11.1 Armour
 - Level 6.6 Dodging
 - Level 14.0 Shields


You had 13 spell levels left.
You didn't know any spells.
Your spell library was empty.

Inventory:

Hand Weapons
 l - a +2 war axe of draining (weapon)
 p - a +1 vorpal flail
Missiles
 k - 7 boomerangs (quivered)
Armour
 a - the +2 shield of Resistance (worn) {rF++ rC++ Will++}
   (You acquired it on level 9 of the Dungeon)

   rF:        It greatly protects you from fire.
   rC:        It greatly protects you from cold.
   Will:      It greatly increases your willpower.
 c - the +15 Maxwell's patent armour {-Cast -Tele rElec Will+ rCorr}
   (You acquired it on level 1 of the Lair of Beasts)

   rElec:     It insulates you from electricity.
   -Cast:     It prevents spellcasting.
   -Tele:     It prevents most forms of teleportation.
   rCorr:     It protects you from acid and corrosion.
   Will:      It increases your willpower.
 n - a +0 hat of willpower
 u - a +5 plate armour of fire resistance (worn)
Jewellery
 b - a ring of see invisible (right hand)
 d - a ring of fire
 r - a ring of willpower
 s - a +4 ring of evasion (left hand)
Scrolls
 f - 3 scrolls of identify
 h - a scroll of teleportation
Potions
 e - 2 potions of cancellation
 g - 3 potions of mutation
 i - 11 potions of curing
 m - a potion of might
 o - a potion of heal wounds

Dungeon Overview and Level Annotations

Branches:
Dungeon (9/15)             Temple (0/1) D:7            Lair (5/5) D:9
  Swamp (0/4) Lair:3        Snake (0/4) Lair:3        Slime (0/5) Lair:5
    Orc: D:9-12

Altars:
Cheibriados
Fedhas
Gozag
Hepliaklqana
Makhleb
Sif Muna
Trog
Uskayaw
Vehumet
Wu Jian
Yredelemnul
Zin
The Shining One
Jiyva

Shops:
D:2 !   D:3 (

Annotations:
D:4 2 transporters, qw's ghost, novice GrFi
D:7 1 runed translucent door, Crazy Yiuf
Lair:4 2 transporters, qw's ghost, journeyman MiBe


Message History

You hit the bush but do no damage. You block the elephant's attack. x2
You slash the elephant! You drain the elephant.
You kill the elephant!
Trog accepts your kill.
You hit the elephant but do no damage. You hit the bush. You drain the bush.
You hit the elephant but do no damage. You kick the elephant.
The elephant is lightly wounded.
You hit the bush.
An elephant comes into view.
The oklob plant spits acid at you. The splash of acid hits you!
The oklob plant spits acid at you. The splash of acid hits you!
You block the elephant's attack.
The elephant trunk-slaps you but does no damage.
You barely miss the elephant. You kick the elephant.
Your headbutt misses the elephant.
The elephant is lightly wounded.
You hit the bush but do no damage. You slash the elephant!
The elephant is moderately wounded.
You slash the bush! You block the elephant's attack. x2
The oklob plant spits acid at you. The splash of acid hits you!!
The acid corrodes you!
You slash the elephant! You kick the elephant.
The elephant is severely wounded.
You slash the bush! You drain the bush. You hit the elephant.
You slash the elephant! You kick the elephant. You headbutt the elephant.
You kill the elephant!
Trog accepts your kill.
You hit the bush. You drain the bush. You slash the elephant!
The elephant closely misses you.
The elephant trunk-slaps you but does no damage.
You slash the elephant!
The elephant is moderately wounded.
You slash the bush!
You destroy the bush!
The elephant tramples you.
You die...

#.~...~~~.~###~~~~~~
##~~~...~~~~~~#~P~~.~
#~#P~~.P~..~~~.~~~..~
#.....~..~~...P~~.~~
.##......~..........
#P.......####...P. .
####......# #.....#
....##.#(#.....# ###.###
...Y..Y@###...## ###...
......../....## .#.....
.....[.......# #......
............... #.......
.......PP_...#.#........
........>P..##..........
....#..P....# #)........
.####........ ##........
.......


You could see 2 elephants and 4 oklob plants.

Vanquished Creatures
  Gastronok (Lair:3)
  Snorg (Lair:5)
  2 hydras (Lair:1)
  2 boulder beetles
  3 two-headed ogres (D:9)
  4 death yaks (Lair:2)
  Sonja (Lair:4)
  3 bog bodies (Lair:3)
  Pikel (D:7)
  A cyclops (D:9)
  An orc sorcerer (D:9)
  7 elephants
  13 cane toads
  6 komodo dragons
  3 kobold demonologists (D:9)
  2 rime drakes (Lair:4)
  A tyrant leech (Lair:5)
  4 polar bears
  Grinder (D:6)
  39 blink frogs
  14 dream sheep (Lair:4)
  2 wyverns
  Sigmund (D:6)
  33 yaks
  6 basilisks
  2 steam dragons
  Edmund (D:6)
  4 nagas (Lair:3)
  A swamp worm (Lair:3)
  7 wargs
  3 water moccasins
  2 acid dragons
  A hell hound (D:9)
  2 ice beasts (D:6)
  2 black bears
  2 sky beasts (D:7)
  7 orc warriors (D:9)
  2 ogres (D:4)
  9 wolves
  A centaur (D:5)
  2 lemures (D:7)
  7 kobold brigands
  6 gnoll sergeants
  11 bullfrogs
  2 scorpions (D:5)
  4 killer bees (D:9)
  6 electric eels
  11 howler monkeys
  9 orc priests
  3 hounds
  3 jellies
  9 gnoll boudas
  4 iguanas
  17 orc wizards
  A scorpion zombie (D:2)
  A mummy (D:5)
  6 adders
  17 gnolls
  A shadow imp (D:7)
  2 adder skeletons (D:2)
  2 adder zombies (D:2)
  6 dart slugs
  A worm (D:2)
  24 orcs
  A bat zombie (D:2)
  11 endoplasms
  13 goblins
  A hobgoblin (D:2)
  2 jackals (D:3)
  21 kobolds
  4 quokkas
  10 ball pythons
  2 ball python skeletons (D:2)
  2 ball python zombies (D:2)
  9 bats
  4 frilled lizards
  A quokka skeleton (D:2)
  3 rats
  A bush (Lair:5)
438 creatures vanquished.

Vanquished Creatures (collateral kills)
  2 hydras
2 creatures vanquished.

Vanquished Creatures (others)
  A bush (Lair:5)
  42 fungi
  110 plants
  2 withered plants (D:2)
155 creatures vanquished.

Grand Total: 595 creatures vanquished

Notes
Turn   | Place    | Note
-------+----------+-------------------------------------------
     0 | D:1      | qw the Minotaur Berserker began the quest for the Orb.
     0 | D:1      | Reached XP level 1. HP: 19/19 MP: 0/0
     0 | D:1      | 0 ||| qw: Version: 0.1-a-112-g44dc6cd
     0 | D:1      | 0 ||| qw: Game counter: 6759
     0 | D:1      | 0 ||| qw: Always use a shield: true
     0 | D:1      | 0 ||| qw: Do Orc after D:15 true
     0 | D:1      | 0 ||| qw: Do second Lair branch before Depths: true
     0 | D:1      | 0 ||| qw: Lair rune preference: random
     0 | D:1      | 0 ||| qw: Plans: Normal
     0 | D:1      | 0 ||| PLANNING D:1-11
    77 | D:1      | Reached skill level 4 in Axes
   181 | D:1      | Reached XP level 2. HP: 23/26 MP: 1/1
   248 | D:1      | You fall into a shaft and drop 1 floor!
   248 | D:2      | Found a hazy altar of Hepliaklqana.
   316 | D:2      | 316 ||| INVOKING Berserk.
   317 | D:2      | 317 ||| INVOKING Berserk.
   320 | D:2      | Reached skill level 5 in Axes
   320 | D:2      | Reached XP level 3. HP: 14/31 MP: 2/2
   785 | D:2      | 785 ||| DROPPING +0 whip.
   898 | D:2      | Found Porr's Distillery.
   910 | D:2      | Reached ** piety under Trog
   915 | D:2      | 915 ||| SHOPLISTING 2 potions of mutation (176 gold, have
                  | 35).
   915 | D:2      | 915 ||| BUYING potion of curing (33 gold).
   915 | D:2      | Bought a potion of curing for 33 gold pieces
   915 | D:2      | 915 ||| SHOPLISTING potion of curing (33 gold, have 2).
   915 | D:2      | 915 ||| SHOPLISTING potion of haste (110 gold, have 2).
   915 | D:2      | 915 ||| SHOPLISTING potion of heal wounds (55 gold, have
                  | 2).
   931 | D:2      | 931 ||| UPGRADING to +0 ring mail.
   941 | D:2      | 941 ||| DROPPING +0 animal skin.
   942 | D:2      | 942 ||| UPGRADING to ring of willpower.
   943 | D:2      | 943 ||| READING scroll labelled FUIZUS PIMIAR.
  1083 | D:2      | 1083 ||| READING scroll labelled YDUANU HASHRUSU.
  1087 | D:1      | 1087 ||| INVOKING Berserk.
  1090 | D:1      | Reached skill level 6 in Axes
  1090 | D:1      | Reached XP level 4. HP: 39/39 MP: 3/3
  1214 | D:1      | Found a faded altar of an unknown god.
  1286 | D:1      | 1286 ||| Stepping ~*~*~tactically~*~*~ (hiding).
  1671 | D:1      | 1671 ||| READING scroll labelled DISITY USHRIPT.
  1672 | D:1      | 1672 ||| READING 4 scrolls labelled EBINWA GIKOM.
  1673 | D:1      | 1673 ||| DROPPING 3 scrolls of immolation.
  1674 | D:1      | 1674 ||| Stepping randomly (stuck).
  1675 | D:1      | 1675 ||| Stepping ~*~*~tactically~*~*~ (cloud).
  1683 | D:1      | HP: 9/39 [poisoned by you (poison gas)]
  1980 | D:2      | 1980 ||| FLEEEEING.
  2442 | D:2      | 2442 ||| Stepping ~*~*~tactically~*~*~ (stealth).
  2575 | D:2      | 2575 ||| DRINKING 2 viscous grey potions.
  2576 | D:2      | 2576 ||| DRINKING 2 green potions.
  2576 | D:2      | Gained mutation: Armour fits poorly on your strangely
                  | shaped body. [potion of mutation]
  2576 | D:2      | Gained mutation: You occasionally lose the ability to drink
                  | potions when taking damage. [potion of mutation]
  2576 | D:2      | Gained mutation: You passively map a small area around you.
                  | [potion of mutation]
  2577 | D:2      | 2577 ||| DRINKING potion of mutation.
  2577 | D:2      | Lost mutation: Armour fits poorly on your strangely shaped
                  | body. [potion of mutation]
  2577 | D:2      | Lost mutation: You occasionally lose the ability to drink
                  | potions when taking damage. [potion of mutation]
  2577 | D:2      | Lost mutation: You passively map a small area around you.
                  | [potion of mutation]
  2577 | D:2      | Gained mutation: You have a beak for a mouth. [potion of
                  | mutation]
  2577 | D:2      | Gained mutation: Potions are less effective at restoring
                  | your health. [potion of mutation]
  2578 | D:2      | 2578 ||| DROPPING potion of attraction.
  2819 | D:3      | 2819 ||| SWAPPING to +0 war axe.
  2825 | D:3      | Reached skill level 7 in Axes
  2825 | D:3      | Reached XP level 5. HP: 45/45 MP: 4/4
  2825 | D:3      | 2825 ||| DROPPING +0 hand axe.
  3018 | D:3      | 3018 ||| DRINKING 2 potions of mutation.
  3018 | D:3      | Lost mutation: You have a beak for a mouth. [potion of
                  | mutation]
  3018 | D:3      | Lost mutation: Potions are less effective at restoring your
                  | health. [potion of mutation]
  3018 | D:3      | Gained mutation: Your natural rate of healing is unusually
                  | fast. [potion of mutation]
  3018 | D:3      | Gained mutation: You have large cloven feet. [potion of
                  | mutation]
  3054 | D:3      | Found a glowing golden altar of the Shining One.
  3149 | D:3      | Reached *** piety under Trog
  3161 | D:3      | Found a glowing silver altar of Zin.
  3194 | D:3      | 3194 ||| INVOKING Berserk.
  3204 | D:3      | HP: 11/46 [gnoll/+0 whip (8)]
  3268 | D:3      | Found Dipni's Weapon Boutique.
  3392 | D:3      | 3392 ||| READING scroll labelled KEITSU NEAPY.
  3393 | D:3      | 3393 ||| READING scroll labelled OMOMPE ZINWOSHRAK.
  3394 | D:3      | 3394 ||| READING scroll labelled VOASUC MIFIYWI.
  3495 | D:3      | 3495 ||| DRINKING 2 murky blue potions.
  3496 | D:3      | 3496 ||| DROPPING potion of invisibility.
  3529 | D:4      | 3529 ||| INVOKING Berserk.
  3674 | D:4      | 3674 ||| Stepping ~*~*~tactically~*~*~ (stealth).
  3675 | D:4      | 3675 ||| Stepping ~*~*~tactically~*~*~ (stealth).
  3746 | D:4      | 3746 ||| Stepping ~*~*~tactically~*~*~ (stealth).
  3747 | D:4      | 3747 ||| Stepping ~*~*~tactically~*~*~ (stealth).
  3788 | D:4      | Reached XP level 6. HP: 52/52 MP: 5/5
  3806 | D:4      | Found a blossoming altar of Fedhas.
  3858 | D:4      | Reached skill level 8 in Axes
  3859 | D:4      | Noticed a wyvern
  3863 | D:4      | 3863 ||| INVOKING Berserk.
  3867 | D:4      | Killed a wyvern
  3869 | D:4      | Reached skill level 9 in Axes
  4080 | D:4      | 4080 ||| INVOKING Berserk.
  4082 | D:4      | Reached XP level 7. HP: 60/60 MP: 6/6
  4188 | D:4      | Found a transporter.
  4190 | D:4      | Noticed qw's ghost (novice GrFi)
  4279 | D:4      | Found a transporter.
  4402 | D:4      | 4402 ||| READING scroll labelled LYQUSU VEELATA.
  4403 | D:4      | 4403 ||| READING scroll labelled SEVISTR ZUTWIF.
  4404 | D:4      | 4404 ||| READING scroll labelled UNOBISSILIR.
  4416 | D:5      | Entered Level 5 of the Dungeon
  4428 | D:5      | 4428 ||| STAIRDANCE
  4482 | D:5      | Reached skill level 10 in Axes
  4513 | D:5      | 4513 ||| Stepping ~*~*~tactically~*~*~ (hiding).
  4514 | D:5      | 4514 ||| Stepping ~*~*~tactically~*~*~ (hiding).
  4521 | D:5      | Reached skill level 1 in Throwing
  4544 | D:5      | 4544 ||| Stepping ~*~*~tactically~*~*~ (stealth).
  4547 | D:5      | 4547 ||| INVOKING Berserk.
  4681 | D:5      | Identified the +3 ring mail of Wonder {Will+ SInv Stlth+}
  4711 | D:5      | Found a hazy altar of Hepliaklqana.
  4723 | D:5      | Reached skill level 6 in Fighting
  4775 | D:5      | Reached XP level 8. HP: 68/70 MP: 7/7
  4787 | D:5      | Reached **** piety under Trog
  4854 | D:5      | Found a snail-covered altar of Cheibriados.
  4929 | D:5      | 4929 ||| READING scroll of enchant weapon.
  4929 | D:5      | 4929 ||| ENCHANTING +1 war axe.
  4963 | D:5      | 4963 ||| UPGRADING to +0 chain mail.
  4973 | D:5      | 4973 ||| DROPPING +0 ring mail.
  4974 | D:5      | 4974 ||| UPGRADING to +3 ring mail of Wonder {Will+ SInv
                  | Stlth+}.
  4984 | D:5      | 4984 ||| READING 2 scrolls of identify.
  4984 | D:5      | 4984 ||| IDENTIFYING glowing orange potion
  4985 | D:5      | 4985 ||| DROPPING potion of berserk rage.
  4998 | D:6      | 4998 ||| Stepping ~*~*~tactically~*~*~ (stealth).
  5079 | D:6      | 5079 ||| Stepping ~*~*~tactically~*~*~ (stealth).
  5086 | D:6      | Reached skill level 11 in Axes
  5095 | D:6      | Reached skill level 12 in Axes
  5099 | D:6      | Reached skill level 3 in Dodging
  5104 | D:6      | 5104 ||| FLEEEEING.
  5105 | D:6      | 5105 ||| FLEEEEING.
  5106 | D:6      | 5106 ||| FLEEEEING.
  5107 | D:6      | 5107 ||| FLEEEEING.
  5108 | D:6      | 5108 ||| FLEEEEING.
  5109 | D:6      | 5109 ||| FLEEEEING.
  5110 | D:6      | 5110 ||| FLEEEEING.
  5111 | D:6      | 5111 ||| FLEEEEING.
  5112 | D:6      | 5112 ||| FLEEEEING.
  5113 | D:6      | 5113 ||| FLEEEEING.
  5114 | D:6      | 5114 ||| FLEEEEING.
  5115 | D:6      | 5115 ||| FLEEEEING.
  5116 | D:6      | 5116 ||| FLEEEEING.
  5117 | D:6      | 5117 ||| FLEEEEING.
  5118 | D:6      | 5118 ||| FLEEEEING.
  5119 | D:6      | 5119 ||| FLEEEEING.
  5120 | D:6      | 5120 ||| FLEEEEING.
  5121 | D:6      | 5121 ||| FLEEEEING.
  5122 | D:6      | 5122 ||| FLEEEEING.
  5123 | D:6      | 5123 ||| FLEEEEING.
  5124 | D:6      | 5124 ||| FLEEEEING.
  5133 | D:6      | 5133 ||| INVOKING Berserk.
  5135 | D:6      | Reached XP level 9. HP: 48/79 MP: 8/8
  5135 | D:6      | 5135 ||| STAIRDANCE
  5310 | D:6      | 5310 ||| Stepping ~*~*~tactically~*~*~ (stealth).
  5361 | D:6      | 5361 ||| Stepping ~*~*~tactically~*~*~ (stealth).
  5380 | D:6      | Noticed Grinder
  5381 | D:6      | 5381 ||| Stepping ~*~*~tactically~*~*~ (hiding).
  5382 | D:6      | 5382 ||| Stepping ~*~*~tactically~*~*~ (hiding).
  5383 | D:6      | 5383 ||| Stepping ~*~*~tactically~*~*~ (hiding).
  5384 | D:6      | 5384 ||| Stepping ~*~*~tactically~*~*~ (hiding).
  5389 | D:6      | 5389 ||| INVOKING Trog's Hand.
  5390 | D:6      | 5390 ||| INVOKING Berserk.
  5392 | D:6      | Killed Grinder
  5598 | D:6      | 5598 ||| Stepping ~*~*~tactically~*~*~ (hiding).
  5700 | D:6      | 5700 ||| Stepping ~*~*~tactically~*~*~ (hiding).
  5802 | D:6      | 5802 ||| Stepping ~*~*~tactically~*~*~ (hiding).
  5904 | D:6      | 5904 ||| Stepping ~*~*~tactically~*~*~ (hiding).
  6006 | D:6      | 6006 ||| Stepping ~*~*~tactically~*~*~ (hiding).
  6108 | D:6      | 6108 ||| Stepping ~*~*~tactically~*~*~ (hiding).
  6210 | D:6      | 6210 ||| Stepping ~*~*~tactically~*~*~ (hiding).
  6213 | D:6      | 6213 ||| INVOKING Berserk.
  6217 | D:6      | Reached skill level 13 in Axes
  6431 | D:6      | Found a shimmering blue altar of Sif Muna.
  6442 | D:6      | 6442 ||| FLEEEEING.
  6507 | D:6      | Found a burning altar of Makhleb.
  6836 | D:6      | Noticed Sigmund
  6837 | D:6      | 6837 ||| Stepping ~*~*~tactically~*~*~ (hiding).
  6837 | D:6      | Noticed Edmund
  6838 | D:6      | 6838 ||| Stepping ~*~*~tactically~*~*~ (stealth).
  6842 | D:6      | 6842 ||| INVOKING Berserk.
  6844 | D:6      | Killed Sigmund
  6891 | D:6      | 6891 ||| Stepping ~*~*~tactically~*~*~ (stealth).
  6894 | D:6      | 6894 ||| INVOKING Berserk.
  6897 | D:6      | Killed Edmund
  7013 | D:6      | 7013 ||| DROPPING +0 flail.
  7165 | D:6      | 7165 ||| READING 2 scrolls of identify.
  7165 | D:6      | 7165 ||| IDENTIFYING lumpy yellow potion
  7166 | D:6      | 7166 ||| DROPPING potion of magic.
  7198 | D:7      | 7198 ||| Stepping ~*~*~tactically~*~*~ (hiding).
  7199 | D:7      | 7199 ||| Stepping ~*~*~tactically~*~*~ (stealth).
  7200 | D:7      | 7200 ||| Stepping ~*~*~tactically~*~*~ (stealth).
  7205 | D:7      | 7205 ||| INVOKING Berserk.
  7205 | D:7      | Noticed Pikel
  7213 | D:7      | Reached skill level 14 in Axes
  7217 | D:7      | Killed Pikel
  7218 | D:7      | Found a staircase to the Ecumenical Temple.
  7227 | D:7      | Reached skill level 15 in Axes
  7284 | D:7      | 7284 ||| INVOKING Berserk.
  7288 | D:7      | Reached XP level 10. HP: 90/90 MP: 9/9
  7547 | D:7      | Found a bloodstained altar of Trog.
  7552 | D:7      | 7552 ||| INVOKING Berserk.
  7674 | D:7      | 7674 ||| INVOKING Berserk.
  7823 | D:7      | Reached skill level 9 in Fighting
  7918 | D:7      | Found an opulent altar of Gozag.
  8043 | D:7      | Found a radiant altar of Vehumet.
  8082 | D:7      | Found a runed translucent door.
  8083 | D:7      | Noticed Crazy Yiuf
  8086 | D:7      | 8086 ||| READING 2 scrolls of identify.
  8086 | D:7      | 8086 ||| IDENTIFYING clear potion
  8121 | D:8      | Reached skill level 3 in Armour
  8173 | D:8      | 8173 ||| Stepping ~*~*~tactically~*~*~ (stealth).
  8185 | D:8      | 8185 ||| Stepping ~*~*~tactically~*~*~ (stealth).
  8187 | D:8      | 8187 ||| Stepping ~*~*~tactically~*~*~ (stealth).
  8188 | D:8      | 8188 ||| Stepping ~*~*~tactically~*~*~ (stealth).
  8189 | D:8      | 8189 ||| Stepping ~*~*~tactically~*~*~ (stealth).
  8344 | D:8      | 8344 ||| INVOKING Berserk.
  8673 | D:9      | 8673 ||| STAIRDANCE
  8690 | D:9      | 8690 ||| INVOKING Berserk.
  8877 | D:9      | Found a basalt altar of Yredelemnul.
  8879 | D:9      | Noticed a two-headed ogre
  8879 | D:9      | Noticed a two-headed ogre
  8879 | D:9      | Noticed a cyclops
  8879 | D:9      | Noticed an orc sorcerer
  8879 | D:9      | Noticed a two-headed ogre
  8880 | D:9      | 8880 ||| INVOKING Trog's Hand.
  8881 | D:9      | 8881 ||| INVOKING Berserk.
  8889 | D:9      | Noticed a sun demon
  8893 | D:9      | Killed a two-headed ogre
  8894 | D:9      | Reached skill level 16 in Axes
  8897 | D:9      | Killed a two-headed ogre
  8899 | D:9      | HP: 25/139 [two-headed ogre/+0 giant club (17)]
  8901 | D:9      | Killed a cyclops
  8902 | D:9      | Reached skill level 3 in Throwing
  8902 | D:9      | HP: 9/139 [two-headed ogre/+0 giant club (18)]
  8903 | D:9      | Killed a two-headed ogre
  8907 | D:9      | Killed an orc sorcerer
  8907 | D:9      | HP: 10/139 [kobold demonologist/+0 dagger of freezing (1)]
  8908 | D:9      | Reached XP level 11. HP: 9/101 MP: 10/10
  9003 | D:9      | 9003 ||| INVOKING Berserk.
  9118 | D:9      | 9118 ||| INVOKING Berserk.
  9270 | D:9      | Reached skill level 6 in Dodging
  9288 | D:9      | 9288 ||| Stepping ~*~*~tactically~*~*~ (stealth).
  9292 | D:9      | 9292 ||| Stepping ~*~*~tactically~*~*~ (stealth).
  9294 | D:9      | 9294 ||| Stepping ~*~*~tactically~*~*~ (stealth).
  9296 | D:9      | 9296 ||| Stepping ~*~*~tactically~*~*~ (stealth).
  9353 | D:9      | 9353 ||| INVOKING Berserk.
  9359 | D:9      | Reached skill level 12 in Fighting
  9386 | D:9      | 9386 ||| READING scroll labelled EDURYHENKA.
  9420 | D:9      | 9420 ||| Stepping ~*~*~tactically~*~*~ (cloud).
  9469 | D:9      | 9469 ||| Stepping ~*~*~tactically~*~*~ (cloud).
  9514 | D:9      | 9514 ||| Stepping ~*~*~tactically~*~*~ (stealth).
  9516 | D:9      | 9516 ||| Stepping ~*~*~tactically~*~*~ (hiding).
  9536 | D:9      | 9536 ||| INVOKING Berserk.
  9551 | D:9      | Noticed a boulder beetle
  9552 | D:9      | 9552 ||| Stepping ~*~*~tactically~*~*~ (stealth).
  9553 | D:9      | 9553 ||| Stepping ~*~*~tactically~*~*~ (stealth).
  9560 | D:9      | HP: 21/104 [boulder beetle (15)]
  9562 | D:9      | HP: 6/104 [boulder beetle (17)]
  9563 | D:9      | Killed a boulder beetle
  9567 | D:9      | 9567 ||| DRINKING 8 potions of curing.
  9567 | D:9      | 9567 ||| (to cure poison)
  9571 | D:9      | HP: 21/105 [kobold demonologist/+0 dagger (3)]
  9576 | D:9      | 9576 ||| INVOKING Berserk.
  9576 | D:9      | HP: 17/157 [kobold demonologist/+0 dagger (3)]
  9709 | D:9      | 9709 ||| Stepping ~*~*~tactically~*~*~ (hiding).
  9720 | D:9      | 9720 ||| Stepping ~*~*~tactically~*~*~ (hiding).
  9723 | D:9      | 9723 ||| INVOKING Berserk.
  9735 | D:9      | Found a staircase to the Lair.
  9762 | D:9      | 9762 ||| Stepping ~*~*~tactically~*~*~ (stealth).
 10003 | D:9      | 10003 ||| Stepping ~*~*~tactically~*~*~ (stealth).
 10005 | D:9      | 10005 ||| Stepping ~*~*~tactically~*~*~ (hiding).
 10009 | D:9      | 10009 ||| Stepping ~*~*~tactically~*~*~ (stealth).
 10024 | D:9      | 10024 ||| Stepping ~*~*~tactically~*~*~ (stealth).
 10132 | D:9      | 10132 ||| Stepping ~*~*~tactically~*~*~ (stealth).
 10133 | D:9      | 10133 ||| Stepping ~*~*~tactically~*~*~ (stealth).
 10145 | D:9      | 10145 ||| Stepping ~*~*~tactically~*~*~ (hiding).
 10146 | D:9      | 10146 ||| INVOKING Berserk.
 10189 | D:9      | 10189 ||| FLEEEEING.
 10342 | D:9      | 10342 ||| INVOKING Berserk.
 10611 | D:9      | 10611 ||| PLANNING LAIR
 10611 | D:9      | 10611 ||| DROPPING +0 chain mail.
 10612 | D:9      | 10612 ||| UPGRADING to +0 plate armour.
 10622 | D:9      | 10622 ||| DROPPING +3 ring mail of Wonder {Will+ SInv
                  | Stlth+}.
 10623 | D:9      | 10623 ||| UPGRADING to +0 kite shield.
 10628 | D:9      | 10628 ||| UPGRADING to +2 plate armour of fire resistance.
 10638 | D:9      | 10638 ||| DROPPING +0 plate armour.
 10639 | D:9      | 10639 ||| READING 3 scrolls of enchant armour.
 10639 | D:9      | 10639 ||| ENCHANTING +2 plate armour of fire resistance.
 10640 | D:9      | 10640 ||| READING 2 scrolls of enchant armour.
 10640 | D:9      | 10640 ||| ENCHANTING +3 plate armour of fire resistance.
 10641 | D:9      | 10641 ||| READING scroll of enchant armour.
 10641 | D:9      | 10641 ||| ENCHANTING +4 plate armour of fire resistance.
 10642 | D:9      | 10642 ||| UPGRADING to ring of see invisible.
 10643 | D:9      | 10643 ||| READING scroll labelled PIAWAICKAU.
 10644 | D:9      | 10644 ||| READING scroll labelled GUUKHL ECHO.
 10644 | D:9      | Identified a scroll of acquirement
 10644 | D:9      | 10644 ||| ACQUIRING +2 shield of Resistance {rF++ rC++
                  | Will++}
 10644 | D:9      | Acquired the +2 shield of Resistance {rF++ rC++ Will++}
 10644 | D:9      | Found the +2 shield of Resistance {rF++ rC++ Will++}
 10646 | D:9      | 10646 ||| UPGRADING to +2 shield of Resistance {rF++ rC++
                  | Will++}.
 10656 | D:9      | 10656 ||| REMOVING ring of willpower.
 10657 | D:9      | 10657 ||| DROPPING +0 kite shield.
 10658 | D:9      | 10658 ||| DRINKING 2 dark potions.
 10659 | D:9      | 10659 ||| READING 3 scrolls of identify.
 10659 | D:9      | 10659 ||| IDENTIFYING black potion
 10660 | D:9      | 10660 ||| READING 2 scrolls of identify.
 10660 | D:9      | 10660 ||| IDENTIFYING fizzy blue potion
 10661 | D:9      | 10661 ||| DROPPING potion of brilliance.
 10662 | D:9      | 10662 ||| DROPPING potion of degeneration.
 10666 | Lair:1   | Entered Level 1 of the Lair of Beasts
 10674 | Lair:1   | 10674 ||| READING scroll of acquirement.
 10674 | Lair:1   | 10674 ||| ACQUIRING +15 Maxwell's patent armour {-Cast
                  | -Tele rElec Will+ rCorr}
 10674 | Lair:1   | Acquired the +15 Maxwell's patent armour {-Cast -Tele rElec
                  | Will+ rCorr}
 10674 | Lair:1   | Found the +15 Maxwell's patent armour {-Cast -Tele rElec
                  | Will+ rCorr}
 10687 | Lair:1   | 10687 ||| INVOKING Berserk.
 10693 | Lair:1   | Reached skill level 1 in Shields
 10702 | Lair:1   | Reached skill level 3 in Shields
 10898 | Lair:1   | Found a frozen archway.
 10913 | Lair:1   | 10913 ||| Stepping ~*~*~tactically~*~*~ (stealth).
 10921 | Lair:1   | 10921 ||| Stepping ~*~*~tactically~*~*~ (stealth).
 10927 | Lair:1   | 10927 ||| Stepping ~*~*~tactically~*~*~ (stealth).
 10928 | Lair:1   | 10928 ||| Stepping ~*~*~tactically~*~*~ (stealth).
 10933 | Lair:1   | 10933 ||| Stepping ~*~*~tactically~*~*~ (stealth).
 10934 | Lair:1   | 10934 ||| Stepping ~*~*~tactically~*~*~ (stealth).
 10949 | Lair:1   | Reached skill level 6 in Shields
 10992 | Lair:1   | 10992 ||| Stepping ~*~*~tactically~*~*~ (stealth).
 11053 | Lair:1   | Noticed a boulder beetle
 11057 | Lair:1   | 11057 ||| INVOKING Berserk.
 11065 | Lair:1   | Killed a boulder beetle
 11066 | Lair:1   | Reached XP level 12. HP: 115/115 MP: 11/11
 11137 | Lair:1   | Noticed an eight-headed hydra
 11138 | Lair:1   | 11138 ||| INVOKING Brothers in Arms.
 11141 | Lair:1   | 11141 ||| SWAPPING to +1 vorpal flail.
 11142 | Lair:1   | 11142 ||| INVOKING Brothers in Arms.
 11143 | Lair:1   | 11143 ||| INVOKING Brothers in Arms.
 11144 | Lair:1   | 11144 ||| INVOKING Berserk.
 11145 | Lair:1   | Killed an eight-headed hydra
 11154 | Lair:1   | 11154 ||| SWAPPING to +2 war axe.
 11260 | Lair:1   | Found a hide-covered altar of Uskayaw.
 11260 | Lair:1   | Found an ornate altar of the Wu Jian Council.
 11281 | Lair:1   | Noticed a seven-headed hydra
 11284 | Lair:1   | 11284 ||| INVOKING Brothers in Arms.
 11285 | Lair:1   | 11285 ||| SWAPPING to +1 vorpal flail.
 11286 | Lair:1   | 11286 ||| INVOKING Berserk.
 11288 | Lair:1   | Killed a seven-headed hydra
 11289 | Lair:1   | Reached skill level 9 in Shields
 11293 | Lair:1   | 11293 ||| SWAPPING to +2 war axe.
 11418 | Lair:1   | 11418 ||| INVOKING Berserk.
 11538 | Lair:1   | 11538 ||| INVOKING Berserk.
 11681 | Lair:1   | Reached skill level 6 in Armour
 11745 | Lair:1   | Noticed a seven-headed hydra
 11748 | Lair:1   | 11748 ||| SWAPPING to +1 vorpal flail.
 11749 | Lair:1   | 11749 ||| INVOKING Berserk.
 11751 | Lair:1   | Killed a seven-headed hydra
 11757 | Lair:1   | 11757 ||| SWAPPING to +2 war axe.
 12357 | Lair:1   | 12357 ||| READING scroll labelled GUTHAB SUYQ.
 12358 | Lair:1   | 12358 ||| READING 3 scrolls of identify.
 12358 | Lair:1   | 12358 ||| IDENTIFYING purple potion
 12434 | Lair:2   | 12434 ||| Stepping ~*~*~tactically~*~*~ (stealth).
 12435 | Lair:2   | 12435 ||| Stepping ~*~*~tactically~*~*~ (stealth).
 12456 | Lair:2   | 12456 ||| INVOKING Berserk.
 12489 | Lair:2   | 12489 ||| Stepping ~*~*~tactically~*~*~ (stealth).
 12490 | Lair:2   | 12490 ||| Stepping ~*~*~tactically~*~*~ (stealth).
 12620 | Lair:2   | 12620 ||| INVOKING Berserk.
 12724 | Lair:2   | 12724 ||| Stepping ~*~*~tactically~*~*~ (stealth).
 12727 | Lair:2   | 12727 ||| Stepping ~*~*~tactically~*~*~ (stealth).
 12728 | Lair:2   | 12728 ||| Stepping ~*~*~tactically~*~*~ (stealth).
 12761 | Lair:2   | Noticed a death yak
 12761 | Lair:2   | Noticed a death yak
 12762 | Lair:2   | Noticed a death yak
 12763 | Lair:2   | 12763 ||| Stepping ~*~*~tactically~*~*~ (stealth).
 12764 | Lair:2   | 12764 ||| INVOKING Berserk.
 12766 | Lair:2   | Noticed a death yak
 12770 | Lair:2   | Killed a death yak
 12772 | Lair:2   | Killed a death yak
 12776 | Lair:2   | Killed a death yak
 12778 | Lair:2   | Killed a death yak
 12846 | Lair:2   | 12846 ||| INVOKING Berserk.
 12957 | Lair:2   | 12957 ||| Stepping ~*~*~tactically~*~*~ (stealth).
 12970 | Lair:2   | 12970 ||| Stepping ~*~*~tactically~*~*~ (hiding).
 12987 | Lair:2   | 12987 ||| INVOKING Berserk.
 13682 | Lair:2   | 13682 ||| READING scroll labelled NIOZITZITI.
 13683 | Lair:2   | 13683 ||| READING scroll labelled YVUD IGEOS.
 13684 | Lair:2   | 13684 ||| READING 2 scrolls of identify.
 13684 | Lair:2   | 13684 ||| IDENTIFYING red potion
 13685 | Lair:2   | 13685 ||| DROPPING potion of flight.
 13734 | Lair:3   | 13734 ||| Stepping ~*~*~tactically~*~*~ (hiding).
 13738 | Lair:3   | 13738 ||| INVOKING Berserk.
 13900 | Lair:3   | Found a staircase to the Snake Pit.
 13907 | Lair:3   | 13907 ||| INVOKING Berserk.
 14164 | Lair:3   | 14164 ||| INVOKING Berserk.
 14179 | Lair:3   | Reached skill level 9 in Armour
 14200 | Lair:3   | Reached XP level 13. HP: 122/122 MP: 12/12
 14244 | Lair:3   | 14244 ||| Stepping ~*~*~tactically~*~*~ (stealth).
 14262 | Lair:3   | 14262 ||| INVOKING Berserk.
 14279 | Lair:3   | Reached skill level 12 in Shields
 14358 | Lair:3   | 14358 ||| INVOKING Berserk.
 14592 | Lair:3   | 14592 ||| Stepping ~*~*~tactically~*~*~ (stealth).
 14602 | Lair:3   | 14602 ||| Stepping ~*~*~tactically~*~*~ (stealth).
 14603 | Lair:3   | 14603 ||| Stepping ~*~*~tactically~*~*~ (stealth).
 14605 | Lair:3   | 14605 ||| INVOKING Berserk.
 14789 | Lair:3   | Identified the +6 rapier of Midsummer {protect, rF+ rN+
                  | Dex-5}
 14855 | Lair:3   | Noticed Gastronok
 14856 | Lair:3   | 14856 ||| Stepping ~*~*~tactically~*~*~ (hiding).
 14868 | Lair:3   | 14868 ||| INVOKING Berserk.
 14873 | Lair:3   | Killed Gastronok
 14874 | Lair:3   | Reached skill level 6 in Throwing
 15099 | Lair:3   | 15099 ||| FLEEEEING.
 15100 | Lair:3   | 15100 ||| FLEEEEING.
 15101 | Lair:3   | 15101 ||| Stepping ~*~*~tactically~*~*~ (hiding).
 15133 | Lair:3   | Found a staircase to the Swamp.
 15164 | Lair:3   | 15164 ||| Stepping ~*~*~tactically~*~*~ (hiding).
 15165 | Lair:3   | 15165 ||| Stepping ~*~*~tactically~*~*~ (hiding).
 15166 | Lair:3   | 15166 ||| Stepping ~*~*~tactically~*~*~ (hiding).
 15167 | Lair:3   | 15167 ||| Stepping ~*~*~tactically~*~*~ (hiding).
 15342 | Lair:3   | 15342 ||| READING scroll labelled YSUAVVATHRU.
 15393 | Lair:4   | Noticed qw's ghost (journeyman MiBe)
 15434 | Lair:4   | 15434 ||| INVOKING Berserk.
 15589 | Lair:4   | Found a transporter.
 15595 | Lair:4   | Found a transporter.
 15602 | Lair:4   | 15602 ||| Stepping ~*~*~tactically~*~*~ (stealth).
 15604 | Lair:4   | 15604 ||| Stepping ~*~*~tactically~*~*~ (stealth).
 15605 | Lair:4   | 15605 ||| Stepping ~*~*~tactically~*~*~ (stealth).
 15631 | Lair:4   | 15631 ||| Stepping ~*~*~tactically~*~*~ (stealth).
 15696 | Lair:4   | 15696 ||| Stepping ~*~*~tactically~*~*~ (stealth).
 15698 | Lair:4   | 15698 ||| Stepping ~*~*~tactically~*~*~ (stealth).
 15789 | Lair:4   | Noticed Sonja
 15790 | Lair:4   | 15790 ||| Stepping ~*~*~tactically~*~*~ (stealth).
 15792 | Lair:4   | 15792 ||| Stepping ~*~*~tactically~*~*~ (hiding).
 15800 | Lair:4   | 15800 ||| INVOKING Brothers in Arms.
 15801 | Lair:4   | 15801 ||| INVOKING Brothers in Arms.
 15802 | Lair:4   | 15802 ||| SWAPPING to +1 vorpal flail.
 15803 | Lair:4   | 15803 ||| INVOKING Berserk.
 15806 | Lair:4   | Killed Sonja
 15855 | Lair:4   | 15855 ||| SWAPPING to +2 war axe of draining.
 15925 | Lair:4   | 15925 ||| INVOKING Berserk.
 16167 | Lair:4   | 16167 ||| Stepping ~*~*~tactically~*~*~ (stealth).
 16213 | Lair:4   | 16213 ||| Stepping ~*~*~tactically~*~*~ (hiding).
 16214 | Lair:4   | 16214 ||| INVOKING Berserk.
 16233 | Lair:4   | 16233 ||| FLEEEEING.
 16407 | Lair:4   | 16407 ||| Stepping ~*~*~tactically~*~*~ (stealth).
 16408 | Lair:4   | 16408 ||| Stepping ~*~*~tactically~*~*~ (stealth).
 16482 | Lair:4   | 16482 ||| FLEEEEING.
 16485 | Lair:4   | 16485 ||| FLEEEEING.
 16486 | Lair:4   | 16486 ||| FLEEEEING.
 16487 | Lair:4   | 16487 ||| FLEEEEING.
 16488 | Lair:4   | 16488 ||| FLEEEEING.
 16489 | Lair:4   | 16489 ||| FLEEEEING.
 16490 | Lair:4   | 16490 ||| FLEEEEING.
 16492 | Lair:4   | 16492 ||| FLEEEEING.
 16493 | Lair:4   | 16493 ||| FLEEEEING.
 16494 | Lair:4   | 16494 ||| FLEEEEING.
 16495 | Lair:4   | 16495 ||| FLEEEEING.
 16496 | Lair:4   | 16496 ||| FLEEEEING.
 16497 | Lair:4   | 16497 ||| FLEEEEING.
 16498 | Lair:4   | 16498 ||| FLEEEEING.
 16499 | Lair:4   | 16499 ||| FLEEEEING.
 16500 | Lair:4   | 16500 ||| FLEEEEING.
 16506 | Lair:4   | 16506 ||| FLEEEEING.
 16507 | Lair:4   | 16507 ||| STAIRDANCE
 16527 | Lair:3   | 16527 ||| DROPPING ring of willpower.
 16528 | Lair:3   | 16528 ||| UPGRADING to +6 ring of intelligence.
 16529 | Lair:3   | 16529 ||| UPGRADING to +4 ring of evasion.
 16531 | Lair:3   | 16531 ||| DROPPING +6 ring of intelligence.
 16532 | Lair:3   | 16532 ||| READING 4 scrolls of identify.
 16532 | Lair:3   | 16532 ||| IDENTIFYING pink potion
 16533 | Lair:3   | 16533 ||| DROPPING potion of lignification.
 16915 | Lair:5   | Entered Level 5 of the Lair of Beasts
 16918 | Lair:5   | 16918 ||| STAIRDANCE
 16942 | Lair:5   | 16942 ||| STAIRDANCE
 16995 | Lair:5   | 16995 ||| INVOKING Berserk.
 17103 | Lair:5   | Noticed Snorg
 17107 | Lair:5   | 17107 ||| INVOKING Berserk.
 17112 | Lair:5   | Killed Snorg
 17177 | Lair:5   | 17177 ||| INVOKING Berserk.
 17205 | Lair:5   | 17205 ||| FLEEEEING.
 17212 | Lair:5   | 17212 ||| FLEEEEING.
 17213 | Lair:5   | 17213 ||| FLEEEEING.
 17214 | Lair:5   | 17214 ||| FLEEEEING.
 17215 | Lair:5   | 17215 ||| INVOKING Berserk.
 17234 | Lair:5   | 17234 ||| Stepping ~*~*~tactically~*~*~ (stealth).
 17236 | Lair:5   | 17236 ||| Stepping ~*~*~tactically~*~*~ (stealth).
 17315 | Lair:5   | 17315 ||| INVOKING Berserk.
 17334 | Lair:5   | 17334 ||| Stepping ~*~*~tactically~*~*~ (stealth).
 17336 | Lair:5   | 17336 ||| Stepping ~*~*~tactically~*~*~ (stealth).
 17366 | Lair:5   | 17366 ||| Stepping ~*~*~tactically~*~*~ (stealth).
 17371 | Lair:5   | 17371 ||| INVOKING Berserk.
 17539 | Lair:5   | 17539 ||| FLEEEEING.
 17555 | Lair:5   | Reached XP level 14. HP: 124/132 MP: 13/13
 17577 | Lair:5   | Found a viscous altar of Jiyva.
 17577 | Lair:5   | Found a staircase to the Slime Pits.
 17585 | Lair:5   | 17585 ||| INVOKING Berserk.
 17590 | Lair:5   | HP: 42/198 [oklob plant/splash of acid (13)]
 17592 | Lair:5   | HP: 4/198 [oklob plant/splash of acid (29)]
 17595 | Lair:5   | Slain by an elephant

Levels and vault maps discovered:
D:1:      kennysheep_arrival_seaside, layout_rooms, basic_ecumenical_altar,
          st_stairs_11, minmay_misc_feat_tiny, skrybe_limestone_x,
          serial_park_tiny_2
D:2:      layout_loops_ring, serial_undead, serial_undead_a, serial_undead_e,
          serial_undead_e, serial_undead_d, serial_undead_d, serial_undead_d,
          serial_undead_b, serial_undead_f, serial_shops, shop, basic_altar,
          minivault_5, minmay_pentomino_o2
D:3:      layout_basic, zin_academy, nicolae_tso_swordbearing_angel,
          serial_shops, nicolae_lakefront_shop, kennysheep_generic_room_3
D:4:      layout_cave_pools, mainiacjoe_overflow_catwalk,
          gammafunk_ghost_mausoleum, minivault_23, grunt_ministairs_8
D:5:      layout_rooms, slow_altar_2, worldfamousw_hep_ancestral_shrine
D:6:      layout_basic, led_sif_book, mainiacjoe_overflow_boulevard,
          sigmund_edmund_badplayer, uniq_grinder
D:7:      layout_cave_pools, grunt_gozag_breadcrumbs,
          mainiacjoe_overflow_big_doors, minmay_temple_entry_mini_moons,
          uniq_crazy_yiuf_cottage, uniq_pikel
D:8:      layout_cave_pools, serial_bayou_lake_a
D:9:      lemuel_castle_with_subvaults [lemuel_castle_interior_original],
          layout_irregular_city, lemuel_tele_altar, lair_entry_dummy
Lair:1:   layout_cave_pods, portal_ice_cave_entry_pillars_2,
          eino_small_chamber_without_monster, nzn_masters_of_martial_movement
Lair:2:   beast_lair_carwin_large_2, layout_concentric_octagons,
          wad_woods_river_03
Lair:3:   layout_hall_layers, nicolae_swamp_entry_splash_gauntlet,
          minmay_snake_entry_guardpost_small, chequers_serial_rivers_micro_a,
          lemuel_fruit_fields, infiniplex_staircase_pool, uniq_gastronok
Lair:4:   layout_cave_pods, gammafunk_ghost_wrathful_warriors,
          chequers_serial_rivers_small_b, grunt_megastairs_3, uniq_sonja
Lair:5:   minmay_lair_end_frog_pond, layout_cave_pods,
          minmay_slime_entry_oklob_open, uniq_snorg

Skill      XL: |  1  2  3  4  5  6  7  8  9 10 11 12 13 |
---------------+----------------------------------------+-----
Axes           | 4 5 6 7 9 10 12 15 16 | 16.1
Fighting       | 4 6 7 8 10 13 14 | 14.3
Throwing       | 1 3 5 7 |  7.3
Dodging        | 3 5 6 |  6.6
Armour         | 3 5 9 11 | 11.1
Shields        | 7 11 14 | 14.0

Action                   |  1- 3 |  4- 6 |  7- 9 | 10-12 | 13-15 || total
-------------------------+-------+-------+-------+-------+-------++-------
Melee: Hand axe          |    62 |    59 |       |       |       ||   121
       Headbutt          |    11 |    17 |    31 |    85 |    49 ||   193
       Punch             |     1 |       |     1 |     1 |       ||     3
       War axe           |       |    54 |   155 |   429 |   239 ||   877
       Peck              |       |     2 |       |       |       ||     2
       Kick              |       |     7 |    47 |   124 |    90 ||   268
       Flail             |       |       |       |     5 |     4 ||     9
Throw: Boomerang         |       |       |    37 |    92 |    30 ||   159
       Javelin           |       |       |       |    19 |    37 ||    56
Invok: Berserk           |     2 |     4 |     8 |    28 |    15 ||    57
       Trog's Hand       |       |       |     1 |     1 |       ||     2
       Brothers in Arms  |       |       |       |     3 |     1 ||     4
  Use: Scroll            |     2 |     5 |     6 |    15 |     2 ||    30
       Potion            |       |     5 |       |     2 |       ||     7
Armor: Animal skin       |     7 |       |       |       |       ||     7
       Ring mail         |       |    26 |    35 |    45 |       ||   106
       Plate armour      |       |       |       |    56 |    76 ||   132
Dodge: Dodged            |    37 |    60 |    76 |   166 |    52 ||   391
Block: Kite shield       |       |       |       |    88 |   146 ||   234

Table legend:
 A = Non-vault XP
 B = Vault XP
 C = Vault XP percentage of total XP
 D = Non-vault monster count
 E = Vault monster count
 F = Vault count percentage of total count
                 A         B        C        D         E       F
            +---------+---------+-------+---------+---------+-------
      Total |   44325 |   22532 |  33.7 |     321 |     116 |  26.5
            +---------+---------+-------+---------+---------+-------
        D:1 |      50 |      10 |  16.7 |      19 |       5 |  20.8
        D:2 |      62 |      66 |  51.6 |      20 |      13 |  39.4
        D:3 |     111 |       3 |   2.6 |      23 |       2 |   8.0
        D:4 |     317 |     216 |  40.5 |      12 |       2 |  14.3
        D:5 |     774 |      21 |   2.6 |      21 |       1 |   4.5
        D:6 |    1957 |     665 |  25.4 |      16 |       3 |  15.8
        D:7 |    1305 |     651 |  33.3 |      35 |       1 |   2.8
        D:8 |     828 |       0 |   0.0 |      13 |       0 |   0.0
        D:9 |    1475 |    9123 |  86.1 |      35 |      55 |  61.1
     Lair:1 |    8472 |     887 |   9.5 |      31 |       1 |   3.1
     Lair:2 |    7234 |     737 |   9.2 |      18 |       6 |  25.0
     Lair:3 |    4882 |    4461 |  47.7 |      19 |      10 |  34.5
     Lair:4 |   13745 |     778 |   5.4 |      49 |       1 |   2.0
     Lair:5 |    3113 |    4914 |  61.2 |      10 |      16 |  61.5
            +---------+---------+-------+---------+---------+-------
